Map: Dusty Gorge

Players

Adversity - Winner!

  • Race: Terran Terran
  • Spawn Location: 11:00

LineTwist - Winner!

  • Race: Terran Terran
  • League: Platinum
  • Spawn Location: 9:00

MScottson

  • Race: Terran Terran
  • Spawn Location: 3:00

CorruptoR

  • Race: Zerg Zerg
  • Spawn Location: 5:00

VOD

Have the link to the VOD?

Description

Time

  • Played on: Oct. 10, 2018, 4:32 p.m.
  • Length: 13:03
Show
View Real Time Build Order
Export as new Build Order

Adversity Terran - Winner!

Build Orders:  

Get SALT Encoding   

  12  0:01  SCV  
  13  0:13  SCV  
  14  0:20  Supply Depot  
  14  0:25  SCV  
  15  0:30  Refinery  
  15  0:42  SCV  
  16  0:46  Barracks  
  16  0:54  SCV  
  17  1:05  Barracks  
  17  1:18  Barracks  
  17  1:24  SCV  
  18  1:40  Reaper  
  18  1:41  Orbital Command  
  19  1:50  Refinery  
  19  1:52  Reaper  
  20  2:05  Reaper  
  21  2:08  Supply Depot  
  21  2:13  Reaper  
  22  2:21  SCV  
  23  2:30  Reaper  
  23  2:32  Supply Depot  
  23  2:33  SCV  
  25  2:44  Reaper  
  26  2:57  Reaper  
  27  3:07  Reaper  
  27  3:09  SCV, Command Center  
  29  3:16  Reaper  
  30  3:20  Supply Depot  
  29  3:33  Reaper  
  30  3:37  SCV  
  31  3:51  Barracks  
  31  3:53  Reaper  
  31  3:54  Barracks  
  32  3:59  Reaper  
  33  4:03  SCV  
  33  4:08  Reaper  
  35  4:15  SCV  
  35  4:27  Reaper  
  36  4:34  Reaper, Orbital Command  
  40  4:53  SCV  
  41  5:00  Barracks Tech Lab, Command Center  
  41  5:03  SCV  
  42  5:08  Barracks Reactor  
  42  5:09  Marine x2  
  42  5:13  Marine  
  42  5:14  Factory  
  42  5:15  SCV  
  41  5:29  Marine  
  41  5:30  Marine x2  
  41  5:31  SCV  
  41  5:32  SCV  
  46  5:40  Marine  
  46  5:47  Marine  
  45  6:01  Factory Reactor, Stimpack  
  45  6:02  Marine x3  
  49  6:04  Marauder, Starport  
  49  6:05  SCV x2  
  51  6:12  Marine x2  
  51  6:13  Orbital Command  
  51  6:17  SCV  
  51  6:18  SCV  
  55  6:30  SCV  
  55  6:32  Marine x2  
  52  6:33  Marine x3  
  52  6:35  SCV  
  56  6:42  Marauder  
  56  6:44  SCV x2  
  60  6:47  SCV  
  60  6:51  Engineering Bay x2  
  61  6:54  Medivac  
  61  6:55  Medivac  
  61  6:59  Supply Depot  
  65  7:07  SCV x2  
  65  7:08  SCV  
  68  7:10  Barracks Reactor  
  68  7:11  Barracks Reactor, Barracks Tech Lab  
  68  7:15  Refinery  
  68  7:16  Refinery  
  68  7:20  SCV  
  68  7:21  Missile Turret  
  67  7:22  Missile Turret  
  67  7:23  SCV  
  67  7:29  Combat Shield  
  68  7:30  SCV  
  68  7:32  Terran Infantry Armor Level 1, Terran Infantry Weapons Level 1  
  68  7:34  SCV  
  70  7:38  Supply Depot  
  70  7:42  Marine x3  
  73  7:44  Marine  
  73  7:49  Medivac  
  76  7:56  Medivac  
  76  7:58  Marine  
  77  7:59  Marine x3  
  77  8:00  Marine  
  77  8:01  SCV  
  77  8:02  Concussive Shells  
  77  8:04  Marine  
  77  8:05  Marine  
  84  8:10  SCV  
  85  8:13  Orbital Command  
  85  8:14  Armory  
  85  8:18  Supply Depot  
  85  8:19  Supply Depot  
  86  8:20  SCV  
  86  8:22  SCV  
  87  8:34  Marine  
  87  8:35  Marine x4  
  87  8:36  Marine  
  87  8:38  Marine  
  89  8:42  Marine  
  90  8:52  Medivac, Marine x2  
  90  8:53  Medivac, Marine x3, Missile Turret  
  90  8:55  Missile Turret  
  99  8:57  Missile Turret  
  99  8:59  Missile Turret  
  99  9:00  SCV x3  
  99  9:02  Missile Turret  
  99  9:04  Missile Turret  
  97  9:12  SCV  
  98  9:22  Medivac  
  98  9:23  Medivac  
  101  9:33  Missile Turret  
  101  9:34  Marine x2  
  101  9:35  Marine x5  
  101  9:36  Terran Infantry Weapons Level 2, Terran Infantry Armor Level 2, Missile Turret  
  108  9:43  SCV  
  109  9:53  Supply Depot  
  109  9:54  Supply Depot  
  109  9:59  SCV  
  109  10:15  Medivac x2, SCV x2  
  109  10:18  Marine  
  109  10:19  Marine x4, Marauder  
  122  10:23  Barracks  
  122  10:25  Barracks  
  122  10:26  Barracks, Supply Depot  
  122  10:27  Supply Depot x3, Barracks  
  122  10:28  Barracks x2  
  116  10:45  Medivac x2  
  111  10:54  Marine  
  111  10:55  Marine x6  
  111  10:56  Marauder  
  117  11:10  Supply Depot, SCV  
  117  11:11  SCV x2  
  120  11:12  Supply Depot, Marine  
  120  11:13  Marine x4  
  120  11:15  Medivac x2  
  120  11:17  Marine  
  131  11:19  Barracks Reactor x5  
  131  11:21  Barracks Reactor  
  131  11:23  SCV  
  128  11:31  Marine  
  127  11:32  Marine  
  127  11:33  Marine x5  
  127  11:35  Marine  
  127  11:37  Supply Depot x2  
  127  11:38  Supply Depot  
  127  11:39  Supply Depot  
  134  11:45  Medivac x2  
  128  11:49  Marine  
  128  11:50  Marine x2  
  128  11:51  Marine x4  
  128  11:53  Marine  
  133  11:54  Supply Depot  
  133  12:06  Marine  
  133  12:07  Marine x7  
  133  12:08  Marine x4  
  141  12:10  Marine  
  141  12:11  Marine x5  
  141  12:12  Marauder x2  
  141  12:15  Medivac x2  
  159  12:23  Barracks x2  
  159  12:24  Marine  
  159  12:25  Marine x7  
  159  12:26  Marine x4  
  159  12:28  Marine x2  
  159  12:29  Marine x2  
  175  12:33  Marauder x2  
  179  12:38  Marine x2  
  179  12:42  Marine x2  
  179  12:43  Marine x2  
Show
View Real Time Build Order
Export as new Build Order

LineTwist Terran - Winner!

Build Orders: Cyclone Opening 

Get SALT Encoding   

  12  0:01  SCV  
  13  0:14  SCV  
  14  0:19  Supply Depot  
  14  0:26  SCV  
  15  0:31  Refinery  
  15  0:46  Barracks  
  15  0:49  SCV  
  16  0:55  Refinery  
  16  1:02  SCV  
  17  1:16  SCV  
  18  1:30  SCV  
  19  1:36  Factory  
  19  1:41  Barracks Reactor  
  19  1:47  Supply Depot  
  19  1:53  Orbital Command  
  19  2:26  SCV  
  19  2:28  Cyclone x2  
  26  2:39  Supply Depot  
  26  2:40  SCV  
  27  2:55  SCV  
  28  3:11  Cyclone  
  28  3:12  Cyclone  
  34  3:13  SCV  
  28  3:56  Factory Tech Lab  
  28  4:01  SCV  
  27  4:04  Marine x2  
  29  4:12  Factory  
  29  4:14  Siege Tank  
  22  4:42  Marine  
  22  4:46  Siege Tank  
  24  5:01  Bunker  
  24  5:06  Supply Depot, SCV  
  25  5:13  Barracks Tech Lab  
  25  5:18  SCV  
  25  5:20  Command Center  
  25  5:31  Siege Tank  
  25  5:33  Marauder  
  25  5:35  SCV  
  31  5:47  SCV  
  32  6:10  Siege Tank  
  35  6:12  SCV  
  35  6:13  Factory Tech Lab  
  35  6:15  Combat Shield  
  36  6:25  SCV  
  37  6:29  Engineering Bay  
  37  6:34  Supply Depot  
  37  6:37  SCV  
  37  6:38  Siege Tank  
  41  6:47  Armory  
  41  7:03  Marine  
  45  7:20  Missile Turret  
  45  7:21  Orbital Command  
  45  7:24  Refinery  
  42  7:36  Refinery, Thor  
  48  7:43  Thor  
  45  8:04  SCV  
  16  8:43  SCV  
  12  8:55  SCV  
  12  9:07  SCV  
  12  9:09  SCV  
  14  9:19  SCV  
  14  9:21  SCV  
  16  9:32  SCV  
  16  9:33  SCV  
  18  9:44  SCV  
  18  9:45  SCV  
  20  9:56  SCV  
  20  9:57  SCV  
  22  10:08  SCV  
  22  10:09  SCV  
  24  10:20  SCV  
  25  10:21  SCV  
  26  10:32  SCV  
  26  10:33  SCV  
  25  11:12  SCV x2  
  27  11:24  SCV x2  
  29  11:36  SCV x2  
  31  11:48  SCV x2  
  31  12:05  SCV  
Show
View Real Time Build Order
Export as new Build Order

MScottson Terran 

Build Orders: Cyclone Opening 

Get SALT Encoding   

  12  0:00  SCV  
  13  0:13  SCV  
  14  0:18  Supply Depot  
  14  0:25  SCV  
  15  0:30  Refinery  
  15  0:40  SCV  
  16  0:45  Barracks  
  16  0:52  SCV  
  16  0:56  Refinery  
  17  1:04  SCV  
  18  1:16  SCV  
  19  1:28  SCV  
  20  1:34  Factory  
  20  1:35  Barracks Reactor  
  20  1:40  Orbital Command  
  20  1:50  Supply Depot  
  20  2:06  SCV  
  21  2:24  Cyclone x2, SCV  
  28  2:30  Supply Depot  
  28  2:36  SCV  
  29  2:49  SCV  
  25  3:09  Cyclone x2  
  25  3:11  SCV  
  32  3:23  SCV  
  30  3:35  SCV  
  29  3:50  SCV  
  30  4:02  SCV  
  31  4:07  Hellion  
  33  4:14  SCV  
  34  4:26  SCV  
  33  4:47  Cyclone x2  
  39  4:56  Supply Depot  
  39  5:05  Supply Depot  
  39  5:18  SCV  
  40  5:31  SCV  
  40  5:33  Widow Mine x2  
  42  5:53  SCV  
  41  6:05  SCV  
  41  6:06  Supply Depot  
  39  6:17  SCV  
  37  6:31  Cyclone x2  
  37  6:32  SCV  
  40  6:46  SCV  
  41  6:48  Factory x2  
  41  6:58  SCV  
  40  7:15  SCV  
  41  7:27  SCV  
  42  7:31  Command Center  
  42  7:35  Widow Mine  
  44  7:39  SCV  
  45  7:46  Widow Mine  
  47  7:52  SCV  
  48  7:59  Hellion x2  
  52  8:13  SCV  
  52  8:14  Hellion  
  55  8:25  Hellion  
  54  8:34  SCV  
  49  8:35  Widow Mine x2  
  53  8:45  SCV  
  53  8:46  SCV  
  53  8:47  Hellion  
  57  8:49  Refinery  
  52  8:57  SCV  
  52  9:00  SCV  
  52  9:01  Starport  
  48  9:06  Widow Mine  
  48  9:09  Hellion, SCV  
  48  9:12  SCV  
  49  9:21  Hellion, SCV  
  52  9:25  SCV  
  52  9:28  Widow Mine  
  55  9:33  SCV  
  55  9:36  Hellion  
  58  9:41  Refinery  
  58  9:51  Factory Tech Lab x2, SCV, Widow Mine  
  58  9:52  SCV  
  62  10:03  SCV  
  31  10:44  Supply Depot  
  31  10:45  Supply Depot  
  31  10:46  Supply Depot x2  
  31  10:47  Supply Depot  
  31  10:48  Barracks  
  22  11:18  Liberator  
  24  11:41  Marine  
  25  11:53  Widow Mine  
  27  11:56  SCV  
  28  12:11  SCV  
  28  12:15  Widow Mine  
  34  12:32  Refinery  
  34  12:36  Widow Mine  
  36  12:46  SCV  
Show
View Real Time Build Order
Export as new Build Order

CorruptoR Zerg 

Build Orders: Hatch First, Muta Ling Bane 

Get SALT Encoding   

  12  0:01  Drone  
  13  0:13  Overlord  
  13  0:18  Drone  
  14  0:33  Drone x2  
  14  0:35  Drone  
  17  0:56  Hatchery  
  17  0:57  Drone  
  17  1:11  Extractor  
  17  1:16  Spawning Pool  
  17  1:18  Drone  
  16  1:19  Drone  
  16  1:22  Drone  
  18  1:29  Drone  
  19  1:41  Overlord  
  19  1:51  Drone  
  20  2:05  Drone  
  21  2:11  Drone  
  21  2:12  Drone, Queen x2  
  21  2:15  Metabolic Boost  
  27  2:19  Drone  
  28  2:23  Drone  
  29  2:35  Zergling x4  
  31  2:40  Drone  
  32  2:44  Drone  
  33  3:01  Hatchery  
  32  3:12  Queen  
  32  3:13  Drone x2  
  32  3:14  Overlord  
  32  3:16  Lair  
  32  3:19  Extractor  
  35  3:20  Zergling x2  
  36  3:34  Zergling x4  
  36  3:35  Zergling x8  
  42  3:53  Zergling x4  
  43  4:02  Zergling x4  
  44  4:10  Overlord  
  41  4:36  Zergling x8  
  41  4:37  Zergling x16  
  41  4:38  Zergling x2  
  48  4:49  Zergling x2  
  48  4:50  Zergling x16  
  55  4:55  Spire  
  55  4:58  Drone x3  
  57  5:05  Extractor  
  56  5:07  Extractor  
  42  5:32  Drone x3  
  42  5:33  Drone x5  
  49  5:39  Drone x6  
  47  6:08  Mutalisk x4  
  47  6:09  Mutalisk  
  57  6:12  Drone  
  57  6:16  Overlord  
  57  6:17  Overlord x2, Extractor  
  57  6:18  Extractor  
  56  6:41  Mutalisk x5  
  66  6:53  Drone x2  
  66  6:54  Drone x4  
  71  6:56  Zergling x6  
  71  6:57  Zergling x10  
  80  7:27  Mutalisk  
  80  7:29  Overlord  
  82  7:30  Overlord x2  
  78  8:26  Mutalisk x8  
  78  8:55  Baneling Nest, Drone x9  
  85  8:56  Drone  
  87  9:08  Mutalisk x9  
  105  9:12  Overseer  
  105  9:19  Hatchery  
  94  9:46  Centrifical Hooks  
  94  9:51  Zergling x6  
  94  9:52  Zergling x16  
  105  9:53  Zergling x2  
  105  9:54  Overlord x3  
  105  9:55  Overlord x2  
  106  10:00  Baneling Nest  
  106  10:14  Baneling x7  
  106  10:15  Baneling  
  106  10:18  Baneling, Zergling x4  
  106  10:19  Zergling x18  
  106  10:20  Zergling x4  
  119  10:24  Baneling  
  76  10:54  Zergling x8  
  76  10:55  Zergling x16  
  76  10:56  Zergling x6  
  77  10:57  Zergling x8  
  79  11:11  Zergling x10  
  71  11:23  Zergling x6  
  71  11:24  Zergling x12  
  70  11:34  Mutalisk x3  
  58  12:19  Baneling Nest  
  55  12:26  Zergling x2  
  55  12:27  Zergling x12  
  62  12:36  Hatchery  
  61  12:37  Zergling x4  
  61  12:40  Zergling x6  
  61  12:43  Zergling x2  
Tags
 
Add a new tag
Caveats
  • Supply blocks, unpowered buildings, or Contaminate may cause inaccurate times.
  • Supply counts are checked every 10 seconds.